 Dungeon Crawl Stone Soup version 0.31-a0-246-g8cbcc1cb85 (webtiles) character file.

Game seed: 8685354413052809306

9361 Dittersdorf the Protected (level 11, -6/72 HPs)
             Began as a Gargoyle Fighter on July 12, 2023.
             Was an Elder of Okawaru.
             Mangled by a death scarab (11 damage)
             ... in a Gauntlet.
             The game lasted 00:12:16 (9096 turns).

Dittersdorf the Protected (Gargoyle Fighter)        Turns: 9096, Time: 00:12:16

Health: -6/72      AC: 26    Str: 25    XL:     11   Next: 45%
Magic:  0/11       EV: 13    Int: 10    God:    Okawaru [****..]
Gold:   1343       SH: 12    Dex: 12    Spells: 10/10 levels left

rFire   . . .        r - +6 mace "Dragonbane" {freeze, Fly Dex+3}
rCold   . . .        u - +1 kite shield
rNeg    + . .        a - +0 chain mail
rPois   ∞            o - +0 helmet
rElec   +            (no cloak)
rCorr   .            p - +0 pair of gloves
SInv    .            (no boots)
Will    +....        y - amulet of guardian spirit Stlth
                     q - ring "Arghietzy" {Will+ AC+4 Str+2}
HPRegen 0.32/turn    b - +5 ring of evasion
MPRegen 0.12/turn

%: no teleportation, guardian spirit
@: flying, slowed, very slow
A: sickness immunity, AC +8, negative energy resistance 1, electricity
resistance, torment resistance 1, petrification resistance
a: Renounce Religion, Heroism, Finesse


You were in a Gauntlet.
You worshipped Okawaru.
Okawaru was greatly pleased with you.
You visited 3 branches of the dungeon, and saw 12 of its levels.
You also visited: Gauntlet.

You collected 2135 gold pieces.
You spent 792 gold pieces at shops.

Inventory:

Hand Weapons
 r - the +6 mace "Dragonbane" (weapon) {freeze, Fly Dex+3}
   (You found it on level 2 of the Dungeon)

   Dex:       It affects your dexterity (+3).
   Fly:       It grants you flight.
 t - a +2 flail of flaming
Missiles
 c - 37 poisoned darts (quivered)
Armour
 a - a +0 chain mail (worn)
 o - a +0 helmet (worn)
 p - a +0 pair of gloves (worn)
 u - a +1 kite shield (worn)
Magical Staves
 g - a staff of earth
Jewellery
 b - a +5 ring of evasion (right hand)
 e - a ring of protection from fire
 q - the ring "Arghietzy" (left hand) {Will+ AC+4 Str+2}
   (You bought it in a shop on level 7 of the Dungeon)

   [ring of protection]

   AC:        It affects your AC (+4).
   Str:       It affects your strength (+2).
   Will:      It increases your willpower.
 y - an amulet of guardian spirit (around neck)
Wands
 A - a wand of flame (8)
 B - a wand of mindburst (8)
Scrolls
 i - a scroll of enchant armour
 j - a scroll of enchant weapon
 l - 3 scrolls of blinking
 s - 2 scrolls of teleportation
 w - a scroll of silence
Potions
 d - 3 potions of might
 f - 4 potions of heal wounds
 h - 8 potions of curing
 k - 2 potions of cancellation {unknown}
 m - a potion of brilliance {unknown}
 n - 4 potions of haste
 v - 2 potions of ambrosia
 x - a potion of magic
 z - a potion of berserk rage
 C - a potion of mutation {unknown}


   Skills:
 + Level 10.2 Fighting
 + Level 9.1 Maces & Flails
 + Level 10.3 Armour
 + Level 10.3 Shields


You had 10 spell levels left.
You didn't know any spells.
Your spell library contained the following spells:

 Spells                   Type           Power      Damage    Failure   Level
 Freeze                   Ice            0%         1d3       95%         1
 Slow                     Hex            0%         N/A       95%         1
 Sting                    Tmut/Pois      0%         1d3       95%         1
 Poisonous Vapours        Pois/Air       0%         N/A       98%         2
 Confusing Touch          Hex            0%         N/A       100%        3
 Frozen Ramparts          Ice            0%         1d1       100%        3
 Hailstorm                Conj/Ice       0%         3d3       100%        3
 Vampiric Draining        Necr           0%         2d6       100%        3
 Olgreb's Toxic Radiance  Pois           0%         N/A       100%        4


Dungeon Overview and Level Annotations

Branches:
Dungeon (10/15)            Temple (1/1) D:4            Lair (1/5) D:9
Gauntlet (1/1)
    Orc: D:9-12

Altars:
Ashenzari
Cheibriados
Dithmenos
Elyvilon
Fedhas
Gozag
Hepliaklqana
Kikubaaqudgha
Makhleb
Nemelex Xobeh
Okawaru
Qazlal
Ru
Sif Muna
Trog
Uskayaw
Vehumet
Wu Jian
Xom
Yredelemnul
Zin
The Shining One

Shops:
D:5 *   D:6 ?   D:7 :(=[

Annotations:
D:4 2 transporters, superbruh's ghost, amateur GnWn Gauntlet 13 transporters, exclusion: orange crystal statue


Innate Abilities, Weirdness & Mutations

You are immune to sickness and miasma.
Your stone body is resilient. (AC +8)
You are immune to poison.
You resist negative energy. (rN+)
You are resistant to electric shocks. (rElec)
You are resistant to unholy torment.
You are immune to petrification.


Message History

The spectral death yak gores you but does no damage.
You hit the spectral death yak but do no damage.
The spectral death yak is severely damaged.
The spectral death yak barely misses you.
You hit the spectral death yak. You freeze the spectral death yak.
The spectral death yak is severely damaged.
You feel like a meek peon again.
The spectral death yak gores you but does no damage.
The spectral death yak closely misses you.
You sock the spectral death yak! You freeze the spectral death yak.
The spectral death yak is almost destroyed.
The spectral death yak misses you.
You sock the spectral death yak!
The spectral death yak is almost destroyed.
You block the spectral death yak's attack.
The spectral death yak gores you.
* * * LOW HITPOINT WARNING * * *
You bludgeon the spectral death yak!!
You destroy the spectral death yak!
Okawaru is honoured by your kill. The death scarab bites you!
* * * LOW HITPOINT WARNING * * *
You sock the death scarab! You freeze the death scarab.
The death scarab is moderately damaged.
The death scarab bites you.
* * * LOW HITPOINT WARNING * * *
The death scarab drains your vigour!
You feel as though you will be slow longer.
The death scarab bites you.
* * * LOW HITPOINT WARNING * * *
You block the death scarab's attack.
You hit the death scarab. You freeze the death scarab.
The death scarab is heavily damaged.
The death scarab misses you. You block the death scarab's attack.
You miss the death scarab.
The death scarab is heavily damaged.
You block the death scarab's attack.
The death scarab bites you but does no damage.
The death scarab bites you!
You die...

..#..#.#..#yy#.#..#...##
#.##.#.#..#.yyyyy.#.∩.≈#
.s.sss.#..#########...##
########..#...........§#
.......#..#########..###
.......#..#..##...#..≈#
##≈##..#..#.#...###..##
≈###≈..#..#.#..#..#..§#
## ##..#.©#©)#©#@.#©.##
≈# #≈..#..#.!#.B#.#..≈#
## ##..######...#.#..##
§# #≈.....#...##..#..§#
## ###....#########..##
#≈#.............≈#
###§#...........##
###≈#≈#≈#≈#§#≈#
#############


You could see a death scarab and 4 killer bees.

Vanquished Creatures
  A boulder beetle (Lair:1)
  3 two-headed ogres
  A spectral death yak (Gauntlet)
  Lodul (D:10)
  A kobold demonologist (D:8)
  3 trolls
  2 dream sheep (D:8)
  A wyvern (D:10)
  7 yaks (D:10)
  2 water moccasins
  An orc warrior (D:8)
  An ice beast (D:8)
  2 sky beasts
  3 black bears
  7 ogres (D:10)
  3 centaurs
  2 phantoms (D:6)
  3 kobold brigands
  2 bullfrogs
  2 scorpions
  2 gnoll sergeants (D:9)
  5 wights (D:7)
  3 killer bees (D:9)
  2 howler monkeys (D:9)
  4 hounds
  A jelly (D:7)
  3 orc priests
  A gnoll bouda (D:8)
  A sleepcap (D:3)
  An iguana (D:4)
  An orc wizard (D:8)
  14 gnolls
  6 adders
  A shadow imp (D:5)
  A white imp (D:5)
  2 ufetubi
  2 worms
  3 dart slugs
  21 orcs
  6 ball pythons
  10 bats
  11 endoplasms
  6 giant cockroaches
  9 goblins
  6 hobgoblins
  10 jackals
  18 kobolds
  5 quokkas
  4 frilled lizards
  6 rats
213 creatures vanquished.

Notes
Turn   | Place    | Note
-------+----------+-------------------------------------------
     0 | D:1      | Dittersdorf the Gargoyle Fighter began the quest for the
                  | Orb.
     0 | D:1      | Reached XP level 1. HP: 14/14 MP: 1/1
    81 | D:1      | Reached XP level 2. HP: 19/19 MP: 2/2
   313 | D:1      | Reached XP level 3. HP: 23/23 MP: 3/3
   987 | D:2      | Reached XP level 4. HP: 18/29 MP: 4/4
  1103 | D:2      | Identified the +6 mace "Dragonbane" {freeze, Fly Dex+3}
  1615 | D:3      | Reached XP level 5. HP: 26/33 MP: 5/5
  1755 | D:3      | Found an opulent altar of Gozag.
  2181 | D:4      | Found a staircase to the Ecumenical Temple.
  2283 | Temple   | Entered the Ecumenical Temple
  2460 | D:4      | Reached XP level 6. HP: 39/39 MP: 6/6
  2519 | D:4      | Identified the +1 leather armour of the Camelopard {rF+
                  | rN+}
  2690 | D:4      | Noticed superbruh's ghost (amateur GnWn)
  2697 | D:4      | Found a transporter.
  2745 | D:4      | Found a transporter.
  2954 | D:5      | Entered Level 5 of the Dungeon
  3017 | D:5      | Identified a scroll of acquirement
  3017 | D:5      | Acquired 1298 gold pieces
  3023 | D:5      | Found Rehe's General Store.
  3030 | D:5      | Noticed a black bear
  3039 | D:5      | Killed a black bear
  3040 | D:5      | Reached skill level 5 in Fighting
  3040 | D:5      | Reached skill level 5 in Armour
  3040 | D:5      | Reached skill level 5 in Shields
  3040 | D:5      | Reached XP level 7. HP: 44/44 MP: 7/7
  3555 | D:5      | Found a hazy altar of Hepliaklqana.
  3682 | D:6      | Reached XP level 8. HP: 51/51 MP: 8/8
  3972 | D:7      | Reached skill level 5 in Maces & Flails
  4301 | D:6      | Found Rotixo's Magic Scroll Boutique.
  4732 | D:7      | Found Kavuuqo Dadgh's Jewellery Shop.
  4735 | D:7      | Bought the ring "Arghietzy" {Will+ AC+4 Str+2} for 792 gold
                  | pieces
  5013 | D:7      | Found an iron altar of Okawaru.
  5019 | D:7      | Reached XP level 9. HP: 51/56 MP: 9/9
  5022 | D:7      | Became a worshipper of Warmaster Okawaru
  5189 | D:7      | Found Biet's Book Emporium.
  5227 | D:7      | Found Lokhit's Weapon Emporium.
  5460 | D:7      | Found an ornate altar of the Wu Jian Council.
  5485 | D:7      | Found Xiodec's Antique Armour Emporium.
  5768 | D:8      | Noticed a kobold demonologist
  5825 | D:8      | Killed a kobold demonologist
  5825 | D:8      | Reached * piety under Okawaru
  6146 | D:8      | Reached ** piety under Okawaru
  6172 | D:8      | Found a snail-covered altar of Cheibriados.
  6991 | D:9      | Found a staircase to the Lair.
  7066 | D:9      | Noticed a two-headed ogre
  7080 | D:9      | Killed a two-headed ogre
  7081 | D:9      | Reached XP level 10. HP: 50/65 MP: 7/10
  7367 | D:9      | Noticed a two-headed ogre
  7376 | D:9      | Killed a two-headed ogre
  7376 | D:9      | Reached *** piety under Okawaru
  7636 | D:9      | Found a broken altar of Ashenzari.
  7774 | D:10     | Entered Level 10 of the Dungeon
  7948 | D:10     | Noticed Lodul
  7970 | D:10     | Killed Lodul
  7971 | D:10     | Reached XP level 11. HP: 44/72 MP: 5/11
  8625 | D:10     | Noticed a two-headed ogre
  8632 | D:10     | Killed a two-headed ogre
  8632 | D:10     | Reached **** piety under Okawaru
  8633 | D:10     | Reached skill level 10 in Armour
  8633 | D:10     | Reached skill level 10 in Shields
  8664 | D:10     | Reached skill level 10 in Fighting
  8805 | Lair:1   | Entered Level 1 of the Lair of Beasts
  8819 | Lair:1   | Noticed a boulder beetle
  8849 | Lair:1   | Killed a boulder beetle
  8855 | Lair:1   | Found a gate leading to a gauntlet.
  8863 | Gauntlet | Entered a Gauntlet
  8863 | Gauntlet | Found a transporter.
  8863 | Gauntlet | Found a transporter.
  8866 | Gauntlet | Noticed a death scarab
  8868 | Gauntlet | Noticed a spectral death yak
  8930 | Gauntlet | Found a transporter.
  8945 | Gauntlet | Found a transporter.
  8959 | Gauntlet | Noticed a wolf spider
  8961 | Gauntlet | Noticed an entropy weaver
  8963 | Gauntlet | Found a transporter.
  8963 | Gauntlet | Found a transporter.
  8963 | Gauntlet | Found a transporter.
  8966 | Gauntlet | Found a transporter.
  8966 | Gauntlet | Found a transporter.
  8967 | Gauntlet | Noticed a sixfirhy
  8968 | Gauntlet | Noticed an orange crystal statue
  8979 | Gauntlet | Found a transporter.
  8996 | Gauntlet | Noticed a sixfirhy
  8997 | Gauntlet | Found a transporter.
  8998 | Gauntlet | Noticed a sixfirhy
  9004 | Gauntlet | Noticed a great orb of eyes
  9006 | Gauntlet | Noticed a purple ugly thing
  9007 | Gauntlet | Found a transporter.
  9008 | Gauntlet | Noticed a green ugly thing
  9022 | Gauntlet | Found a transporter.
  9042 | Gauntlet | Found a transporter.
  9093 | Gauntlet | Killed a spectral death yak
  9096 | Gauntlet | Mangled by a death scarab

Illustrated notes

Levels and vault maps discovered:
D:1:      dpeg_arrival_radiant, layout_loops_ring, st_stairs_3
D:2:      layout_loops_ring
D:3:      layout_basic, grunt_gozag_breadcrumbs
D:4:      layout_cave_pools, temple_statues, gammafunk_ghost_stat_death,
          serial_column_ruins, column_ruins_grid_2, column_ruins_open_medium,
          column_ruins_grid_1, column_ruins_grid_3, column_ruins_grid_2,
          column_ruins_open_tiny, column_ruins_columns_straight,
          reono_crystal_passage, st_stairs_1
D:5:      layout_basic, nicolae_hepliaklqana_hippocampus, serial_shops,
          nicolae_shop_tiny_glass
D:6:      layout_basic, serial_shops, shop
D:7:      layout_basic, mainiacjoe_overflow_surrounded_room,
          okawaru_ov_weapons_minmay, serial_shops, nicolae_shop_waterfront,
          nicolae_shop_statue_plus, shop, shop
D:8:      layout_loops_cross, general_overflow_altar, serial_co_window_serial,
          co_window_paths_b, co_window_corner_a, co_window_corner_a,
          co_window_paths_b, co_window_of_opportunity_a,
          co_window_of_opportunity_a, co_window_paths_c,
          co_window_unsneaky_path_a, co_window_2corner, co_window_4corner_a,
          glass_columns_a, glass_columns_c, chequers_jeans,
          hangedman_abyss_or_decor_lesser_grid, dreamdust_gnoll_shepherd
D:9:      layout_roguey, kennysheep_mini, dpeg_oklobed_lair
D:10:     layout_roguey, minmay_misc_feat_nine_boxes, uniq_lodul
Temple:   kb_temple_of_zot
Lair:1:   layout_regular_city, gauntlet_entry_generic
Gauntlet: gammafunk_gauntlet_mixed_choke_point
          [minmay_gauntlet_arena_77_squiggly,
          minmay_gauntlet_arena_77_chump_sandwich,
          minmay_gauntlet_arena_77_broken_ladder,
          nicolae_gauntlet_arena_grate_2,
          minmay_gauntlet_arena_77_terracotta_army,
          minmay_gauntlet_arena_77_checkered, minmay_gauntlet_arena_77_fan,
          gauntlet_exit_green]

Skill      XL: |  1  2  3  4  5  6  7  8  9 10 11 |
---------------+----------------------------------+-----
Fighting       | 4 5 6 8 9 10 | 10.2
Armour         | 4 5 6 8 9 10 | 10.3
Shields        | 4 5 6 8 9 10 | 10.3
Maces & Flails | 3 4 5 7 8 9 |  9.1

Action                     |  1- 3 |  4- 6 |  7- 9 | 10-12 || total
---------------------------+-------+-------+-------+-------++-------
  Melee: Flail             |   131 |    12 |       |       ||   143
         Mace              |       |   126 |   219 |   171 ||   516
  Throw: Dart              |       |       |     5 |    17 ||    22
 Invoke: Heroism           |       |       |     1 |     3 ||     4
    Use: Scroll            |       |    15 |     5 |     2 ||    22
 Armour: Scale mail        |   110 |    10 |       |       ||   120
         Chain mail        |       |   100 |   106 |    65 ||   271
  Dodge: Dodged            |    91 |    66 |   130 |    69 ||   356
  Block: Buckler           |    29 |     2 |       |       ||    31
         Kite shield       |       |   109 |   150 |    88 ||   347

Table legend: (Time is in decaauts)
 A = Elapsed time spent in this place.
 B = Non-inter-level travel time spent in this place.
 C = Inter-level travel time spent in this place.
 D = Time resting spent in this place.
 E = Time spent auto-exploring this place.
 F = Levels seen in this place.
 G = Mean time per level.
                   A        B        C        D        E       F      G
               +--------+--------+--------+--------+--------+-----+--------+
         Total |   9243 |   8695 |    548 |    404 |   6598 |  13 |  711.0 |
       Dungeon |   8823 |   8290 |    533 |    404 |   6310 |  10 |  882.3 |
        Temple |    121 |    106 |     15 |      0 |     93 |   1 |  121.0 |
          Lair |     58 |     58 |      0 |      0 |      0 |   1 |   58.0 |
      Gauntlet |    240 |    240 |      0 |      0 |    195 |   1 |  240.0 |
               +--------+--------+--------+--------+--------+-----+--------+

Top non-repeatable levels by time:
     D:8: 1173 daAuts
     D:7: 1170 daAuts
    D:10: 1007 daAuts
     D:6: 922 daAuts
     D:9: 917 daAuts
     D:3: 831 daAuts
     D:1: 802 daAuts
     D:5: 711 daAuts
     D:2: 658 daAuts
     D:4: 628 daAuts
Gauntlet: 240 daAuts
  Temple: 121 daAuts
  Lair:1: 58 daAuts
